 Dungeon Crawl Stone Soup version 0.28-a0-909-g796cbd3a86 (webtiles) character file.

Game seed: 10512677182090842079

5 ragingrage the Grasshopper (level 1, -1/17 HPs)
             Began as a Palentonga Warper on Nov 24, 2021.
             Slain by a kobold (4 damage)
             ... on level 1 of the Dungeon.
             The game lasted 00:00:18 (107 turns).

ragingrage the Grasshopper (Palentonga Warper)       Turns: 107, Time: 00:00:18

Health: -1/17      AC:  4    Str: 14    XL:     1   Next: 66%
Magic:  3/3        EV:  9    Int: 13    God:
Gold:   0          SH:  0    Dex:  9    Spells: 4/4 levels left

rFire   . . .      SeeInvis +   a - +0 hand axe
rCold   . . .      Faith    .   (no shield)
rNeg    . . .      Spirit   .   b - +0 leather armour
rPois   .          Reflect  .   (no helmet)
rElec   .          Harm     .   (no cloak)
rCorr   .          Rampage  .   (no gloves)
Will    .....                   (no barding)
Stlth   +.........              (no amulet)
HPRegen 0.05/turn               (no ring)
MPRegen 0.08/turn               (no ring)

@: no status effects
A: large, rugged brown scales 3, see invisible, deformed body, roll 1, armoured
tail
a: Rolling Charge


You were on level 1 of the Dungeon.
You visited 1 branch of the dungeon, and saw 1 of its levels.

Inventory:

Hand Weapons
 a - a +0 hand axe (weapon)
Missiles
 d - 5 boomerangs of dispersal (quivered)
 g - 11 poisoned darts
Armour
 b - a +0 leather armour (worn)
Scrolls
 c - a scroll of blinking
 e - a scroll of magic mapping {unknown}
Potions
 f - 2 potions of curing {unknown}


   Skills:
 - Level 2.0 Fighting
 * Level 2.5 Axes
 - Level 0.6 Throwing
 - Level 0.7 Armour
 - Level 1.5 Dodging
 - Level 2.0 Spellcasting
 - Level 3.0 Translocations


You had 4 spell levels left.
You didn't know any spells.
Your spell library contained the following spells:

 Spells                   Type           Power      Damage    Failure   Level
 Blink                    Tloc           18%        N/A       14%         2
 Gell's Gravitas          Tloc           9%         N/A       28%         3
 Lesser Beckoning         Tloc           9%         N/A       28%         3
 Teleport Other           Tloc           9%         N/A       28%         3
 Manifold Assault         Tloc           9%         N/A       95%         5


Dungeon Overview and Level Annotations

Branches:
Dungeon (1/15)

Altars:


Innate Abilities, Weirdness & Mutations

You are completely covered in rugged brown scales. (AC +3, +7% HP)
You have supernaturally acute eyesight. (SInv)
Armour fits poorly on your strangely shaped body.
You can roll at nearby foes to attack.
You have a long armoured tail.


Message History

You hit the jackal.
You kill the jackal!
The jackal barely misses you.
You completely miss the jackal. The jackal barely misses you.
You hit the jackal.
You kill the jackal!
The jackal barely misses you.
You barely miss the jackal.
Your tail-slap misses the jackal.
The jackal bites you.
You closely miss the jackal. The jackal bites you. x2
You are too injured to fight recklessly!
You are too injured to fight recklessly!
You are too injured to fight recklessly!
You are too injured to fight recklessly!
You are too injured to fight recklessly!
You are too injured to fight recklessly!
You are too injured to fight recklessly!
You are too injured to fight recklessly!
You are too injured to fight recklessly!
You are too injured to fight recklessly!
You hit the jackal.
The jackal is severely wounded.
The jackal barely misses you. The jackal bites you.
You closely miss the jackal.
The jackal is severely wounded.
The jackal barely misses you.
You hit the jackal.
You kill the jackal!
You closely miss the kobold. You tail-slap the kobold.
The kobold is heavily wounded.
The kobold hits you with a +0 club.
* * * LOW HITPOINT WARNING * * *
The kobold hits you but does no damage.
You hit the kobold.
The kobold is severely wounded.
The kobold closely misses you.
You hit the kobold but do no damage.
The kobold is severely wounded.
The kobold hits you with a +0 club.
You die...

...................##≈.<.≈
..... ..####.#.....##≈...≈
... #.........##≈...≈
#.#####.#.#.....#≈♣...♣ ##
#.........#.....≈♣⌠♣≈♣⌠
#..#.#..##..###.####≈♣≈h≈♣
###..$.#.##g.......#
##≈.h.≈ ...
##..##K#####..........#
#.##..###@# #####.....
##....####.# hhh.##.
#..K..###..# h..#.. .
#.#.#.....## h♣#♣#♣
#...###..## #...# #....#
..... #............ ##..♣
#............
.P.........#......


You could see a goblin and a kobold.

Vanquished Creatures
  4 jackals (D:1)
  3 toadstools (D:1)
7 creatures vanquished.

Notes
Turn   | Place    | Note
-------+----------+-------------------------------------------
     0 | D:1      | ragingrage the Palentonga Warper began the quest for the
                  | Orb.
     0 | D:1      | Reached XP level 1. HP: 17/17 MP: 3/3
   107 | D:1      | Slain by a kobold

Illustrated notes

Levels and vault maps discovered:
D:1:      ldierk_water_garden, layout_rooms, serial_forest,
          infiniplex_forest_clump_diagonal, infiniplex_forest_corner_2,
          infiniplex_forest_clump_small, infiniplex_forest_join,
          infiniplex_forest_clump_long, infiniplex_forest_end_3,
          infiniplex_forest_lined_3_way, infiniplex_forest_clump_small,
          infiniplex_forest_pool, infiniplex_forest_lined_room_2,
          minmay_misc_feat_doors, st_stairs_14, minivault_4

Action                   || total
-------------------------++-------
Melee: Hand axe          ||    28
       Tailslap          ||     1
Armor: Leather armour    ||     7
Dodge: Dodged            ||    17

Table legend: (Time is in decaauts)
 A = Elapsed time spent in this place.
 B = Non-inter-level travel time spent in this place.
 C = Inter-level travel time spent in this place.
 D = Time resting spent in this place.
 E = Time spent auto-exploring this place.
 F = Levels seen in this place.
 G = Mean time per level.
                   A        B        C        D        E       F      G
               +--------+--------+--------+--------+--------+-----+--------+
         Total |    112 |    112 |      0 |      0 |     51 |   1 |  112.0 |
       Dungeon |    112 |    112 |      0 |      0 |     51 |   1 |  112.0 |
               +--------+--------+--------+--------+--------+-----+--------+

Top non-repeatable levels by time:
     D:1: 112 daAuts
